 Dungeon Crawl Stone Soup version 0.20.1-1-g8b1a95d (console) character file.

2215 hilaritas the Carver (level 9, -1/75 HPs)
             Began as a Black Draconian Abyssal Knight on Feb 14, 2018.
             Was an Elder of Lugonu.
             Slain by an orc warrior
             ... wielding a +0 mace
              (13 damage)
             ... on level 6 of the Dungeon.
             The game lasted 00:16:08 (7013 turns).

hilaritas the Carver (DrAK)                         Turns: 7013, Time: 00:16:08

Health: -1/75      AC:  9    Str: 18    XL:     9   Next: 13%
Magic:  12/12      EV: 12    Int: 13    God:    Lugonu [****..]
Gold:   276        SH:  5    Dex: 10    Spells: 8/8 levels left

rFire    + . .     SeeInvis .   a - +2 falchion
rCold    + + .     Gourm    .   f - +1 buckler
rNeg     . . .     Faith    .   (armour unavailable)
rPois    .         Spirit   .   (helmet restricted)
rElec    +         Reflect  .   E - +0 cloak
rCorr    .         Harm     .   (no gloves)
MR       .....                  A - +0 pair of boots
Stlth    +.........             (no amulet)
Regen    0.3/turn               C - ring of Misayd {rF+ rC++ Slay+3}
MPRegen  0.2/turn               (no ring)

@: short of breath, drained
A: breathe lightning, unfitting armour, electricity resistance, cold-blooded, AC
+7
a: Breathe Lightning, Depart the Abyss, Bend Space, Banish, Corrupt, Renounce
Religion


You were on level 6 of the Dungeon.
You worshipped Lugonu.
Lugonu was greatly pleased with you.
You were not hungry.

You visited 1 branch of the dungeon, and saw 6 of its levels.
You visited the Abyss 1 time.

You collected 276 gold pieces.

Inventory:

Hand Weapons
 a - a +2 falchion (weapon)
 m - a +0 dagger of electrocution
Missiles
 i - 188 arrows
 v - 4 javelins (quivered)
Armour
 f - a +1 buckler (worn)
 A - a +0 pair of boots (worn)
 E - a +0 cloak (worn)
Jewellery
 s - an uncursed ring of wizardry
 C - the ring of Misayd (left hand) {rF+ rC++ Slay+3}
   (You took it off a centaur on level 5 of the Dungeon)

   [ring of protection from fire]

   It affects your accuracy and damage with ranged weapons and melee attacks
   (+3).
   It protects you from fire.
   It greatly protects you from cold.
Wands
 q - a wand of iceblast (6/15)
 t - a wand of polymorph (10/24)
 w - a wand of random effects (21/48)
 z - a wand of polymorph (9/24)
 B - a wand of polymorph (3/24)
Scrolls
 h - 3 scrolls of teleportation
 r - a scroll of fear
 y - 2 scrolls of remove curse
Potions
 c - 5 potions of heal wounds
 d - 2 potions of agility
 e - 2 potions of flight
 k - a potion of resistance
 l - a potion of ambrosia {unknown}
 n - 2 potions of magic
 o - a potion of brilliance {unknown}
 u - 3 potions of degeneration {unknown}
 x - a potion of might {unknown}
 D - 2 potions of invisibility {unknown}
Comestibles
 b - 6 bread rations
 g - 2 meat rations
 j - 5 royal jellies
 p - 4 fruits


   Skills:
 + Level 6.0(5.7) Fighting
 * Level 9.8(9.5) Long Blades
 - Level 2.1(1.9) Dodging
 * Level 3.8(3.6) Shields
 * Level 4.9(4.7) Invocations


You had 8 spell levels left.
You didn't know any spells.

Dungeon Overview and Level Annotations

Branches:
Dungeon (6/15)             Temple (0/1) D:6

Altars:
Nemelex Xobeh
Uskayaw
Xom
Zin


Innate Abilities, Weirdness & Mutations

You can breathe wild blasts of lightning.
Your glossy black scales are hard. (AC +7)
You cannot fit into any form of body armour.
You are resistant to electric shocks. (rElec)
You are cold-blooded and may be slowed by cold attacks.


Message History

The orc warrior hits you with a mace!
You hit the orc warrior.
The orc warrior is almost dead.
The orc priest calls upon Beogh to heal the orc warrior.
The orc warrior is healed somewhat.
You hit the orc warrior but do no damage.
The orc warrior is severely wounded.
The orc warrior hits you with a mace!!
* * * LOW HITPOINT WARNING * * *
The orc priest calls upon Beogh to heal the orc warrior.
The orc warrior is healed somewhat.
Unknown command.
You feel much better. The orc warrior hits you with a mace!
* * * LOW HITPOINT WARNING * * *
You hit the orc warrior but do no damage.
Your tail-slap misses the orc warrior.
The orc warrior is heavily wounded.
The orc priest casts a cantrip, but nothing happens.
The orc warrior hits you with a mace!
You die...

###.#.#####.##.....##
###.#.......#.......## .
.##.#.<.####.........####...#
........(..'.........'.......
.......(####.........####....
......(## ##.......## .
......## ##.....## ..(...#
##...## .##.### ##'## .##.#
#.# .##.# #@# ##.#. #o# # #


.oo ..... ##....# #..#.# ..##.# ## .# You could see an orc warrior, an orc
priest and an orc.

Vanquished Creatures
  Grinder (D:4)
  A hippogriff (D:4)
  Sigmund (D:4)
  A water moccasin (D:6)
  2 black bears
  A phantom (D:6)
  2 ogres
  3 centaurs (D:5)
  Blork the orc (D:5)
  A scorpion (D:5)
  2 crimson imps
  A jelly (D:6)
  2 hounds
  2 orc priests (D:6)
  4 orc wizards
  2 bullfrog skeletons
  2 iguanas
  2 worker ants
  A worker ant zombie (D:5)
  5 adders
  2 oozes
  3 worms
  3 leopard geckos
  14 orcs
  4 ball pythons
  9 giant cockroaches
  8 goblins
  7 hobgoblins
  10 jackals
  5 kobolds
  2 quokkas
  16 bats
  7 frilled lizards
  A leopard gecko skeleton (D:4)
  A quokka skeleton (D:4)
  5 rats
134 creatures vanquished.

Vanquished Creatures (others)
  The ghost of hilaritas the Shield-Bearer, an amateur MiFi (D:4)
  The ghost of hilaritas the Cudgeler, an amateur GrMo (D:3)
2 creatures vanquished.

Grand Total: 136 creatures vanquished

Notes
Turn   | Place    | Note
-------+----------+-------------------------------------------
     0 | Abyss:1  | hilaritas the Draconian Abyssal Knight began the quest for the Orb.
     0 | Abyss:1  | Reached XP level 1. HP: 19/19 MP: 2/2
     3 | Abyss:1  | Found a corrupted altar of Lugonu.
    25 | D:1      | Escaped the Abyss
   330 | D:1      | Reached XP level 2. HP: 26/26 MP: 3/3
   589 | D:1      | Reached ** piety under Lugonu
   757 | D:1      | Reached XP level 3. HP: 31/33 MP: 4/4
  1506 | D:2      | Reached skill level 3 in Long Blades
  1652 | D:2      | Reached XP level 4. HP: 40/40 MP: 5/5
  1833 | D:2      | Found a shimmering altar of Xom.
  2113 | D:3      | Reached *** piety under Lugonu
  2136 | D:3      | Noticed hilaritas's ghost (amateur GrMo)
  2146 | D:3      | Banished hilaritas's ghost
  2146 | D:3      | Reached skill level 4 in Long Blades
  2146 | D:3      | Reached skill level 1 in Shields
  2146 | D:3      | Reached XP level 5. HP: 31/46 MP: 7/7
  2165 | D:3      | Noticed an ogre
  2175 | D:3      | Killed an ogre
  2441 | D:3      | Noticed a black bear
  2453 | D:3      | Killed a black bear
  2453 | D:3      | Reached skill level 5 in Long Blades
  2453 | D:3      | Reached XP level 6. HP: 17/53 MP: 8/8
  3602 | D:4      | Noticed hilaritas's ghost (amateur MiFi)
  3605 | D:4      | Banished hilaritas's ghost
  3605 | D:4      | Reached skill level 6 in Long Blades
  3605 | D:4      | Your scales start taking on a glossy black colour.
  3605 | D:4      | Reached XP level 7. HP: 51/60 MP: 9/9
  3605 | D:4      | Gained mutation: You are resistant to electric shocks. (rElec) [Black Draconian growth]
  3730 | D:4      | Noticed Sigmund
  3743 | D:4      | Killed Sigmund
  4060 | D:4      | Noticed a hippogriff
  4068 | D:4      | Killed a hippogriff
  4068 | D:4      | Reached skill level 7 in Long Blades
  4165 | D:4      | Reached skill level 5 in Fighting
  4165 | D:4      | Reached XP level 8. HP: 57/68 MP: 11/11
  4352 | D:4      | Noticed Grinder
  4396 | D:4      | Killed Grinder
  4396 | D:4      | Reached skill level 8 in Long Blades
  5088 | D:5      | Entered Level 5 of the Dungeon
  5161 | D:5      | Noticed Blork the orc
  5173 | D:5      | Killed Blork the orc
  5874 | D:5      | Reached skill level 9 in Long Blades
  5876 | D:5      | Got a crude marble ring
  5879 | D:5      | Identified the ring of Misayd {rF+ rC++ Slay+3} (You took it off a centaur on level 5 of the Dungeon)
  6121 | D:5      | Found a hide-covered altar of Uskayaw.
  6185 | D:5      | Found a glowing silver altar of Zin.
  6185 | D:5      | Found a sparkling altar of Nemelex Xobeh.
  6671 | D:6      | Reached XP level 9. HP: 68/75 MP: 12/12
  6764 | D:6      | Found a staircase to the Ecumenical Temple.
  6782 | D:6      | Reached **** piety under Lugonu
  7011 | D:6      | HP: 1/75 [orc warrior/mace (18)]
  7013 | D:6      | Slain by an orc warrior

Skill      XL: |  1  2  3  4  5  6  7  8  9 |
---------------+----------------------------+-----
Fighting       | 4 5 6 |  6.0
Long Blades    | 3 4 5 6 7 9 |  9.8
Shields        | 1 2 3 |  3.8
Invocations    | 3 4 |  4.9
Dodging        | |  2.1

Action                   |  1- 3 |  4- 6 |  7- 9 || total
-------------------------+-------+-------+-------++-------
Melee: Falchion          |   105 |   133 |   219 ||   457
       Tailslap          |    10 |    19 |    19 ||    48
       Unarmed           |       |       |    21 ||    21
Throw: Javelin           |       |       |     5 ||     5
Invok: Banish            |       |     1 |     1 ||     2
 Abil: Breathe Lightning |       |       |     6 ||     6
  Use: Scroll            |     8 |     3 |     2 ||    13
       Potion            |       |       |     3 ||     3
 Stab: Sleeping          |       |     1 |       ||     1
       Distracted        |       |     1 |       ||     1
  Eat: Chunk             |     2 |     7 |    11 ||    20
       Fruit             |       |       |     2 ||     2
Armor: Skin              |    43 |    45 |    45 ||   133
Dodge: Dodged            |    87 |    70 |    98 ||   255
Block: Buckler           |     2 |    17 |    33 ||    52
       Rpst.: Falchion   |    25 |    20 |    22 ||    67
